Minoru, lawful male human Samurai --- ....-- ....@)-- .....f@| --..&&d. @ |.%..d. ).... Minoru the Ninja Experience level: 7 Strength: 17 Dexterity: 15 Constitution: 18 Intelligence: 9 Wisdom: 8 Charisma: 12 Health: 0(51) Energy: 9(9) Def: 6 Gold: 130 Moves: 2045 Dungeon seed: 44Bzz5SuSVV3swv8 Game ID: Minoru_1528137040 Your Inventory: Coins $ - 130 gold pieces Amulets D - an uncursed amulet versus poison Weapons a - a +0 katana (weapon in hand) b - a +0 wakizashi c - a +0 yumi (alternate weapon; not wielded) d - 23 +0 ya (in quiver) t - 8 +0 arrows u - a +0 bow G - 12 cursed -1 arrows H - a +0 bow I - a cursed -1 bow Armor e - an uncursed rustproof +0 splint mail (being worn) w - an uncursed +0 pair of iron shoes N - an uncursed +0 dwarvish cloak Y - an uncursed +0 dwarvish cloak Comestibles h - an uncursed lichen corpse k - 4 uncursed bars of chocolate l - 6 uncursed gunyoki K - an uncursed female lizard corpse Scrolls g - an uncursed scroll of light j - an uncursed scroll of enchant weapon L - a blessed scroll of light P - a cursed scroll of identify Spellbooks p - an uncursed spellbook of protection Potions F - 3 uncursed potions of object detection J - an uncursed potion of paralysis Rings O - a cursed -2 ring of gain constitution Wands v - a wand of light (0:14) Tools f - an uncursed oil lamp (lit) (0:936) i - an uncursed magic whistle m - 7 uncursed wax candles (0:400) o - 14 uncursed tallow candles (0:200) r - 4 blessed tallow candles (0:200) s - an uncursed leash M - an uncursed magic lamp Q - an uncursed bugle Gems n - an uncursed jade stone q - an uncursed worthless piece of orange glass x - an uncursed worthless piece of black glass y - 3 uncursed worthless pieces of white glass z - an uncursed worthless piece of violet glass B - an uncursed worthless piece of yellow glass C - an uncursed worthless piece of blue glass E - 2 uncursed amethyst stones Spells and supernatural/magical abilities: Name Level Category Cost Memory W - pray for help -- divine ? -- Your skills at the end: Fighting Skills martial arts [Basic] wands [Basic] Weapon Skills short sword [Basic] long sword [Skilled] bow [Basic] Spellcasting Skills Final Attributes: You were piously aligned. You were fast. Amaterasu Omikami was noncommittal. You are dead. Vanquished creatures: a small mimic a gnome king a lizard a dingo a blue jelly a bugbear a water nymph a fog cloud 7 gnome lords 4 gnomish wizards a guardian naga hatchling a gray ooze a little dog 2 dwarves a rabid rat 2 coyotes a hobbit a hobgoblin 30 gnomes 8 garter snakes 4 gnome zombies a gecko 5 jackals a fox 3 grid bugs 2 lichens 2 newts 85 creatures vanquished. Voluntary challenges: You were an atheist. You used a wielded weapon 126 times, starting on turn 38. You were illiterate. You never genocided any monsters. You never polymorphed an object. You never changed form. You used no wishes. You never split a pudding. You never wrote Elbereth's name. You never violated your personal moral code. Dungeon overview: The Dungeons of Doom: levels 1 to 3 Level 1 a vault a long staircase Level 2 a delicatessen stairs to The Gnomish Mines Level 3 The Gnomish Mines: levels 3 to 7 Level 3 stairs to The Dungeons of Doom Level 4 Level 5 Level 6 a general store, some fountains Level 7 <- You were here History has recorded: On T:1 you entered the Dungeons of Doom to retrieve the Amulet of Yendor! On T:36 you reached level 2 of The Dungeons of Doom. On T:351 you reached level 1 of The Gnomish Mines. On T:458 you reached level 3 of The Dungeons of Doom. On T:688 you advanced to experience level 2. On T:733 you advanced to experience level 3. On T:742 you reached level 2 of The Gnomish Mines. On T:780 you advanced to experience level 4. On T:1005 you reached level 3 of The Gnomish Mines. On T:1013 you advanced to experience level 5. On T:1188 you advanced to experience level 6. On T:1481 you reached level 4 of The Gnomish Mines. On T:2018 you advanced to experience level 7. On T:2045 you reached level 5 of The Gnomish Mines. Score breakdown: Gold: 130 ( 7202 points) Experience: 7 levels (13645 points) Exploration: 7 levels ( 13.21%) (10190 points) Discoveries: 3 items ( 1.20%) ( 3286 points) Valuables value: (no points given unless you survive) Artifact value: 0 ( 0 points) Variety of kills: 27 monsters ( 7.11%) ( 7996 points) Turncount: 2045 turns ( -33 points) Survival: died (score multiplied by 80%) Total score: 33828 Latest messages: [2 turns] You hit the gnome lord. The gnome lord wields a dagger! You hit the gnome lord! You kill the gnome lord! Welcome to experience level 7. There are several objects here. You have a little trouble lifting t - an arrow. You hear crashing rock. You finish searching. [10 turns] This door is locked. As you kick the door, it crashes open! You see here a bugle. You have a little trouble lifting Q - a bugle. You fall down the stairs. The housecat is caught in a spider web. The barbed devil hits! (2x) The barbed devil stings! The barbed devil hits! (2x) The barbed devil stings! Doge bites! The barbed devil hits! (2x) You die... Final status: Sayonara Minoru the Samurai, killed by a barbed devil... You died in The Gnomish Mines on dungeon level 7 with 33828 points, and 130 pieces of gold, after 2045 moves. You were level 7 with a maximum of 51 hit points when you died.